 Dungeon Crawl Stone Soup version 0.31-a0-221-gbddc013574 (webtiles) character file.

Game seed: 8766153219952003942

205 qw the Shooter (level 5, -2/30 HPs)
             Began as a Gargoyle Hexslinger on July 3, 2023.
             Slain by a lemure (4 damage)
             ... led by Pikel
             ... on level 4 of the Dungeon.
             The game lasted 00:01:09 (2973 turns).

qw the Shooter (Gargoyle Hexslinger)                Turns: 2973, Time: 00:01:10

Health: -2/30      AC: 11    Str: 12    XL:     5   Next: 83%
Magic:  6/6        EV: 10    Int: 13    God:
Gold:   196        SH:  0    Dex: 14    Spells: 5/6 levels left

rFire   . . .        c - +1 sling (drain)
rCold   + . .        (no shield)
rNeg    + . .        k - +1 ring mail {rC+}
rPois   inf          (no helmet)
rElec   +            (no cloak)
rCorr   .            a - +0 pair of gloves
SInv    .            (no boots)
Will    .....        (no amulet)
Stlth   +            (no ring)
HPRegen 0.25/turn    (no ring)
MPRegen 0.10/turn

%: no passive effects
@: no status effects
A: sickness immunity, AC +4, negative energy resistance 1, electricity
resistance, torment resistance 1, petrification resistance
a: no special abilities


You were on level 4 of the Dungeon.
You visited 1 branch of the dungeon, and saw 4 of its levels.

You collected 196 gold pieces.


Innate Abilities, Weirdness & Mutations

You are immune to sickness and miasma.
Your stone body is resilient. (AC +4)
You are immune to poison.
You resist negative energy. (rN+)
You are resistant to electric shocks. (rElec)
You are resistant to unholy torment.
You are immune to petrification.


   Skills:
 - Level 2.0 Fighting
 + Level 4.8 Ranged Weapons
 - Level 2.9 Armour
 - Level 1.5 Dodging
 - Level 1.0 Spellcasting
 - Level 2.6 Hexes


You had 5 spell levels left.
You knew the following spells:

 Your Spells              Type           Power      Damage    Failure   Level
a - Slow                  Hex            28%        N/A       21%         1

Your spell library contained the following spells:

 Spells                   Type           Power      Damage    Failure   Level
 Inner Flame              Hex/Fire       4%         N/A       71%         3
 Portal Projectile        Hex/Tloc       8%         N/A       71%         3
 Cause Fear               Hex            3%         N/A       90%         4

Inventory:

Hand Weapons
 c - a +1 sling of draining (weapon)
Armour
 a - a +0 pair of gloves (worn)
 e - a +0 helmet
 k - a +1 ring mail of cold resistance (worn)
Scrolls
 b - a scroll of identify
 f - a scroll of teleportation
 l - a scroll of blinking {unknown}
Potions
 d - a potion of resistance
 g - a potion of might
 h - a potion of curing
 i - a potion of cancellation
 j - 2 potions of heal wounds
 m - a potion of berserk rage {unknown}

Dungeon Overview and Level Annotations

Branches:
Dungeon (4/15)
 Temple: D:4-7

Altars:
Nemelex Xobeh
Xom

Annotations:
D:2 1 runed translucent door, Crazy Yiuf
D:4 Pikel


Message History

You shoot a sling bullet. The sling bullet hits the lemure.
The lemure is heavily wounded.
The lemure hits you. The lemure hits you but does no damage.
You shoot a sling bullet. The sling bullet hits the lemure.
The lemure is heavily wounded.
The lemure hits you. The lemure hits you but does no damage.
The lemure barely misses you. The lemure hits you but does no damage.
Pikel zaps a wand.
Some rock shatters into small pieces.
You shoot a sling bullet. The sling bullet hits the lemure.
The lemure is severely wounded.
The lemure hits you but does no damage. x2
You shoot a sling bullet.
The sling bullet closely misses the lemure.
The lemure closely misses you. The lemure hits you but does no damage.
You shoot a sling bullet.
The sling bullet barely misses the lemure.
The lemure hits you!
Pikel zaps a wand.
Some rock shatters into small pieces.
The lemure hits you but does no damage.
Enter note:
Enter note:
Enter note:
Enter note: You shoot a sling bullet.
The sling bullet barely misses the lemure.
The lemure closely misses you. The lemure hits you but does no damage.
You shoot a sling bullet. The sling bullet hits the lemure.
The lemure is almost dead.
The lemure hits you but does no damage. x2; The lemure hits you.
The lemure hits you but does no damage. The lemure hits you!
The lemure barely misses you.
You shoot a sling bullet.
The sling bullet hits the lemure but does no damage.
The lemure is almost dead.
The lemure hits you. The lemure barely misses you. x2
The lemure hits you but does no damage.
You shoot a sling bullet. The sling bullet hits the lemure.
You kill the lemure!
That felt strangely unrewarding.
The lemure hits you but does no damage. The lemure hits you. x2
You die...

#.#.......##..
#.#....##.#...
###.............
######...#....##....#
#......###....####...
....####.#.............
. ##................
...####...#..........###
....KB5@.............# #
.....w55...########### #
....####...# # ... #..##
# . ...# .#.# . .# .# #


You could see Pikel, 3 lemures, a dart slug and a giant cockroach.

Vanquished Creatures
  A lemure (D:4)
  A sleepcap (D:3)
  Robin (D:4)
  An adder (D:2)
  A worm (D:3)
  4 dart slugs
  5 endoplasms
  6 giant cockroaches
  13 goblins
  8 hobgoblins
  3 jackals (D:2)
  3 quokkas
  6 ball pythons
  3 bats (D:1)
  2 frilled lizards
  3 kobolds (D:3)
  2 rats (D:1)
63 creatures vanquished.

Vanquished Creatures (others)
  An ice beast (D:3)
1 creature vanquished.

Grand Total: 64 creatures vanquished

Notes
Turn   | Place    | Note
-------+----------+-------------------------------------------
     0 | D:1      | qw the Gargoyle Hexslinger began the quest for the Orb.
     0 | D:1      | Reached XP level 1. HP: 12/12 MP: 2/2
     0 | D:1      | 0 ||| qw: Version: 0.3-a-40-ge99b1a8
     0 | D:1      | 0 ||| qw: Game counter: 567
     0 | D:1      | 0 ||| qw: Melee chars always use a shield: true
     0 | D:1      | 0 ||| qw: God list: Okawaru
     0 | D:1      | 0 ||| qw: Allow faded altars: false
     0 | D:1      | 0 ||| qw: Do Orc after clearing Dungeon:15 true
     0 | D:1      | 0 ||| qw: Do second Lair branch before Depths: true
     0 | D:1      | 0 ||| qw: Lair rune preference: random
     0 | D:1      | 0 ||| qw: Goals: Normal
     0 | D:1      | 0 ||| PLANNING D:1-11
    74 | D:1      | Reached XP level 2. HP: 16/16 MP: 3/3
   154 | D:1      | Reached skill level 3 in Ranged Weapons
   564 | D:1      | Reached XP level 3. HP: 21/21 MP: 4/4
   607 | D:1      | 607 ||| READING scroll labelled LERAPS IWUIVEI.
   610 | D:1      | 610 ||| READING scroll labelled OMIFFU TISOI.
   611 | D:1      | 611 ||| READING scroll labelled MAOFOT XEFIMAD.
   628 | D:1      | 628 ||| DRINKING 2 brown potions.
   629 | D:1      | 629 ||| DROPPING scroll of poison.
   659 | D:2      | Found a runed translucent door.
   660 | D:2      | Noticed Crazy Yiuf
   751 | D:2      | Found a shimmering altar of Xom.
  1335 | D:2      | 1335 ||| UPGRADING to +0 pair of gloves.
  1340 | D:2      | 1340 ||| DRINKING 2 coppery potions.
  1341 | D:2      | 1341 ||| DRINKING 2 dark potions.
  1342 | D:2      | 1342 ||| READING 2 scrolls of identify.
  1342 | D:2      | 1342 ||| IDENTIFYING fizzy golden potion
  1343 | D:2      | 1343 ||| DROPPING potion of invisibility.
  1344 | D:2      | 1344 ||| DROPPING potion of lignification.
  1906 | D:3      | Reached XP level 4. HP: 26/26 MP: 5/5
  2073 | D:3      | Reached skill level 4 in Ranged Weapons
  2475 | D:3      | 2475 ||| UPGRADING to +0 ring mail.
  2485 | D:3      | 2485 ||| DROPPING +0 robe.
  2486 | D:3      | 2486 ||| UPGRADING to +1 ring mail of cold resistance.
  2496 | D:3      | 2496 ||| DROPPING +0 ring mail.
  2497 | D:3      | 2497 ||| READING scroll labelled EMPOCZ TICZU.
  2498 | D:3      | 2498 ||| READING scroll labelled NETZUD YREDUTH.
  2499 | D:3      | 2499 ||| DRINKING 2 purple potions.
  2500 | D:3      | 2500 ||| READING 3 scrolls of identify.
  2500 | D:3      | 2500 ||| IDENTIFYING bubbling inky potion
  2501 | D:3      | 2501 ||| READING 2 scrolls of identify.
  2501 | D:3      | 2501 ||| IDENTIFYING ruby potion
  2552 | D:4      | Noticed an ice beast
  2564 | D:4      | 2564 ||| STAIRDANCE
  2579 | D:3      | HP: 5/26 [ice beast (3)]
  2580 | D:3      | 2580 ||| DRINKING 3 potions of heal wounds.
  2582 | D:3      | Killed an ice beast
  2583 | D:3      | Reached XP level 5. HP: 11/30 MP: 6/6
  2713 | D:4      | Found a sparkling altar of Nemelex Xobeh.
  2715 | D:4      | Noticed Robin
  2717 | D:4      | 2717 ||| Stepping ~*~*~tactically~*~*~ (outnumbered).
  2737 | D:4      | Killed Robin
  2738 | D:4      | 2738 ||| FLEEEEING.
  2739 | D:4      | 2739 ||| FLEEEEING.
  2740 | D:4      | 2740 ||| FLEEEEING.
  2741 | D:4      | 2741 ||| FLEEEEING.
  2742 | D:4      | 2742 ||| FLEEEEING.
  2810 | D:4      | 2810 ||| SWAPPING to +1 sling of draining.
  2811 | D:4      | 2811 ||| DROPPING +1 sling.
  2956 | D:4      | Noticed a lemure
  2959 | D:4      | Noticed a lemure
  2960 | D:4      | Noticed a lemure
  2963 | D:4      | Noticed Pikel
  2963 | D:4      | Noticed a lemure
  2973 | D:4      | Killed a lemure
  2973 | D:4      | HP: 2/30 [lemure[Pikel] (6)]
  2973 | D:4      | Slain by a lemure

Levels and vault maps discovered:
D:1:      lemuel_arrival_muddy, layout_basic
D:2:      layout_basic, basic_altar, uniq_crazy_yiuf_cottage
D:3:      layout_basic
D:4:      layout_rooms, marbit_many_paths, lemuel_round_altar,
          overflow_temple_1_default, grunt_ministairs_10, uniq_robin, uniq_pikel

Skill      XL: |  1  2  3  4 |
---------------+-------------+-----
Ranged Weapons | 3 4 |  4.8
Fighting       | 2 |  2.0
Armour         | 2 |  2.9
Dodging        | |  1.5
Spellcasting   | |  1.0
Hexes          | |  2.6

Action                     |  1- 3 |  4- 6 || total
---------------------------+-------+-------++-------
   Fire: Sling             |   145 |   132 ||   277
    Use: Scroll            |     4 |     4 ||     8
         Potion            |     3 |     2 ||     5
 Armour: Robe              |    17 |     2 ||    19
         Ring mail         |       |    73 ||    73
  Dodge: Dodged            |    43 |    83 ||   126

Table legend:
 A = Non-vault XP
 B = Vault XP
 C = Vault XP percentage of total XP
 D = Non-vault monster count
 E = Vault monster count
 F = Vault count percentage of total count
                 A         B        C        D         E       F
            +---------+---------+-------+---------+---------+-------
      Total |     258 |      36 |  12.2 |      51 |      12 |  19.0
            +---------+---------+-------+---------+---------+-------
        D:1 |      39 |       0 |   0.0 |      21 |       0 |   0.0
        D:2 |      31 |       0 |   0.0 |      10 |       0 |   0.0
        D:3 |     182 |       0 |   0.0 |      17 |       0 |   0.0
        D:4 |       6 |      36 |  85.7 |       3 |      12 |  80.0
            +---------+---------+-------+---------+---------+-------
